Unix NetHack Version 5.0.0-0 post-release - last build Jun 10 2026 00:39:30 (3ee93aec679c4c4259841fe613dc97188e26a321,branch:main).

Game began 2026-07-02 22:17:45, ended 2026-07-02 22:29:40.

IanCurtis, chaotic male elven Wizard

    --------
    |......|     -----------
    |......|     |.........|
    |......-#    |.>.......|              -----------
    -----.--#    |..........#             |.........|
         #  #    |....`....|##            |.........|#####################
         #  #    |.........| #            |...<*.*..|#              -----.---
        ##  #    -.--------- #          ##-.........|#           ###........|
        #   #     ##         #          ##------.----#           #  |.......|
        #   ##     ##############*#####)##    ########           #  |.....{.|
  ------|-   #     #         ##          #      #                #  |.......|
  |......|   #   ####                    #      ##              ##  ---------
  |......|   #####  #                    #       #              #
  |.......###`------.---------    ------ #       #              #
  |......|   #-.....[........|    |..@..##     --.------------- #
  |......|    |..............|    |....|       |..............| #
  --------    |..............|    .....|       |..............| #
              |..............|    |....|       |..............-##
              ----------------    ------       ----------------

IanCurtis the Thaumaturge  St:13 Dx:14 Co:12 In:18 Wi:11 Ch:9  Chaotic
Dlvl:3  $:72 HP:0(38) Pw:38(60) AC:6  Xp:6 T:2384  Burdened Blind

Latest messages:
 The gnome lady hits!
 You hit the gnome lady.
 The gnome lady swings her bow.
 The gnome lady hits!
 You kill the gnome lady!
 There is a gnome lady corpse here; eat it? [ynq] (n) y
 This gnome lady corpse tastes okay.
 You finish eating the gnome lady corpse.
 You hear someone counting gold coins.
 With great effort you move the boulder.
 What do you want to use or apply? [cdl-owCLN or ?*] d
 You now wield a pick-axe.
 In what direction do you want to dig? [hykub>] h
 You start digging.
 You hit the rock with all your might.
 You make an opening in the wall.
 What do you want to wield? [- adrH or ?*] a
 a - a blessed +1 quarterstaff (weapon in hands).
 The gnome zombie just misses!
 You destroy the gnome zombie!
 The fox just misses!
 You kill the fox!
 You see here a fox corpse.
 There is a fox corpse here; eat it? [ynq] (n) y
 This fox corpse tastes terrible!
 You finish eating the fox corpse.
 The yellow light explodes!
 You are blinded by a blast of light!
 You climb up the stairs.
 You hear a slow drip.
 You feel an unseen monster!
 It hits!
 You stop searching.
 It bites!
 It bites again!
 You hit it.
 It hits!
 It bites!
 It bites again!
 You hit it.
 It hits!
 It bites!
 It bites again!
 In what direction? l
 The spell hits it!
 It hits!
 It bites!
 It bites again!
 You die...
 Do you want your possessions identified? [ynq] (y) q

Inventory:
 Coins    ('$')
  $ - 72 gold pieces
 Weapons  (')')
  r - a +0 orcish dagger
  H - the +0 Sting
  a - a blessed +1 quarterstaff (weapon in hands)
 Armor    ('[')
  s - an uncursed +0 orcish helm (being worn)
  b - a blessed +2 cloak of magic resistance (being worn)
 Comestibles  ('%')
  F - 3 uncursed food rations
 Scrolls  ('?')
  v - a cursed scroll of food detection
  i - an uncursed scroll of gold detection
  k - an uncursed scroll of teleportation
 Spellbooks  ('+')
  L - an uncursed spellbook of cancellation
  C - an uncursed spellbook of cure blindness
  l - a blessed spellbook of force bolt
  m - an uncursed spellbook of magic missile
  N - an uncursed spellbook of sleep
  w - an uncursed spellbook of slow monster
 Potions  ('!')
  x - a blessed potion of extra healing
  D - an uncursed potion of healing
  g - an uncursed potion of invisibility
  f - 2 uncursed potions of levitation
  K - a cursed potion of levitation
  h - an uncursed potion of monster detection
  E - an uncursed potion of speed
 Rings    ('=')
  e - an uncursed ring of fire resistance
  y - a cursed ring of invisibility
  z - a cursed ring of polymorph
  I - an uncursed ring of see invisible
 Wands    ('/')
  c - a wand of lightning (0:7)
 Tools    ('(')
  o - an uncursed bugle
  n - a magic marker (0:21)
  d - a +0 pick-axe

IanCurtis the Wizard's attributes:

Background:
 You were a Thaumaturge, a level 6 male elven Wizard.
 You were chaotic, on a mission for Anhur
 who was opposed by Ptah (lawful) and Thoth (neutral).
 You were right-handed.
 You were in the Dungeons of Doom, on level 3.
 You entered the dungeon 2384 turns ago.
 It was nighttime.
 There was a full moon in effect when your adventure ended.
 You had 360 experience points, 280 more were needed to attain level 7.

Basics:
 You had 0 out of 38 hit points.
 You had 38 out of 60 energy points (spell power).
 Your armor class was 6.
 Your wallet contained 72 zorkmids.
 Autopickup was off.

Final Characteristics:
 Your strength was 13 (limit:18).
 Your dexterity was 14 (limit:18).
 Your constitution was 12 (limit:16).
 Your intelligence was 18 (limit:20).
 Your wisdom was 11 (limit:20).
 Your charisma was 9 (limit:18).

Final Status:
 You were temporarily blind.
 You weren't hungry.
 You were burdened; movement was slightly slowed.
 You were wielding a quarterstaff.
 You had basic skill with quarterstaff.

Final Attributes:
 You were piously aligned.
 You were magic-protected.
 You were sleep resistant.
 You had infravision.
 You were warded.
 You were lucky.
 You are dead.

Miscellaneous:
 You didn't encounter any bones levels.
 Total elapsed playing time was 11 minutes and 55 seconds.

Major events:
 Turn
    1: IanCurtis the chaotic male elven Wizard entered the dungeon
  610: attained the rank of Conjurer (level 3)
 1240: chose an elven dagger to be named "Sting"
 1261: entered the Gnomish Mines
 2044: attained the rank of Thaumaturge (level 6)
 2384: killed by a rothe

Spells:
 Name                 Level Category     Fail Retention
 force bolt             1   attack         0%   81%-90%
 magic missile          2   attack         0%   81%-90%
 slow monster           2   enchantment    0%  91%-100%

Skills:
 Fighting Skills
   bare handed combat [Unskilled]
   riding             [Unskilled]
 Weapon Skills
   dagger             [Unskilled]
   knife              [Unskilled]
   axe                [Unskilled]
   short sword        [Unskilled]
   club               [Unskilled]
   mace               [Unskilled]
   quarterstaff       [Basic]
   polearms           [Unskilled]
   spear              [Unskilled]
   trident            [Unskilled]
   sling              [Unskilled]
   dart               [Unskilled]
   shuriken           [Unskilled]
 Spellcasting Skills
   attack spells      [Basic]
   healing spells     [Unskilled]
   divination spells  [Unskilled]
   enchantment spells [Basic]
   clerical spells    [Unskilled]
   escape spells      [Unskilled]
   matter spells      [Unskilled]

Voluntary challenges:
 Character rerolling was not enabled.
 You never genocided any monsters.
 You never polymorphed an object.
 You never changed form.
 You used no wishes.
Achievements:
 You attained the rank of Conjurer.
 You entered the Gnomish Mines.
 You attained the rank of Thaumaturge.

 The Dungeons of Doom: levels 1 to 4
    Level 1:
       An altar.
    Level 2:
    Level 3: <- You were here.
       A sink.
       Stairs down to The Gnomish Mines.
       Final resting place for
          you, killed by a rothe.
    Level 4:
 The Gnomish Mines:
    Level 4:


Vanquished creatures:
  a yellow light
  a shrieker
  4 gnome leaders
  a giant ant
  2 floating eyes
  a kitten
  2 dwarves
 10 hill orcs
  a rothe
  a giant bat
  3 hobbits
  2 giant rats
  a brown mold
  6 gnomes
  a gnome zombie
  a gecko
  4 jackals
  4 foxes
  4 kobolds
  a goblin
  a sewer rat
  7 grid bugs
  3 lichens
  a kobold zombie
  4 newts
67 creatures vanquished.

No species were genocided or became extinct.

Game over:
                       ----------
                      /          \
                     /    REST    \
                    /      IN      \
                   /     PEACE      \
                  /                  \
                  |    IanCurtis     |
                  |      72 Au       |
                  |   killed by a    |
                  |      rothe       |
                  |                  |
                  |                  |
                  |       2026       |
                 *|     *  *  *      | *
        _________)/\\_//(\/(/\)/\//\/|_)_______

Goodbye IanCurtis the Wizard...

You died in The Dungeons of Doom on dungeon level 3 with 1655 points,
and 72 pieces of gold, after 2384 moves.
You were level 6 with a maximum of 38 hit points when you died.

